 Dungeon Crawl Stone Soup version 0.17-a0-469-g696e5a1 (webtiles) character file.

5490 Fluffy the Blocker (level 10, 0/81 HPs)
             Began as a Minotaur Fighter on Apr 6, 2015.
             Was a Believer of the Shining One.
             Killed from afar by a raiju (16 damage)
             ... with a living lightning
             ... on level 1 of the Abyss.
             The game lasted 00:19:55 (6211 turns).

Fluffy the Blocker (Minotaur Fighter)               Turns: 6211, Time: 00:19:56

Health: 0/81       AC: 28    Str: 24    XL:     10   Next: 42%
Magic:  13/13      EV:  6    Int:  8    God:    the Shining One [**....]
Gold:   386        SH: 12    Dex: 13    Spells: 0 memorised, 9 levels left

rFire  . . .     SeeInvis .     H - +1 falchion (slice)
rCold  . . .     Clarity  +     A - +8 plate armour of the Monkey {Str+3 Int+3}
rNeg   + . .     SustAb   +     c - +0 shield
rPois  .         Gourm    .     (helmet restricted)
rElec  .         Spirit   .     t - +2 cloak
rCorr  .         Warding  .     (no gloves)
rMut   .         Stasis   .     b - +1 pair of boots
MR     .....                    p - amulet of clarity
Stlth  ..........               n - ring of stealth
                                q - ring of sustain abilities

@: glowing, not resistant to hostile enchantments, extremely unstealthy
A: retaliatory headbutt, horns 2, frail 1
a: Divine Shield, Renounce Religion


You were on level 1 of the Abyss.
You worshipped the Shining One.
The Shining One was pleased with you.
You were hungry.

You visited 2 branches of the dungeon, and saw 8 of its levels.
You visited the Abyss 1 time.

You collected 386 gold pieces.

Inventory:

Hand weapons
 a - a +0 long sword
 H - a +1 falchion of slicing (weapon)
Armour
 b - a +1 pair of boots (worn)
 c - a +0 shield (worn)
 o - the cursed +0 scale mail of Qazlal's Whim {rElec Int+2 Dex-3, unknown}
   (You found it on level 1 of the Abyss)

   It affects your intelligence (+2).
   It affects your dexterity (-3).
   It insulates you from electricity.
   It has a curse placed upon it.
 t - a +2 cloak (worn)
 A - the +8 plate armour of the Monkey (worn) {Str+3 Int+3}
   (You found it on level 4 of the Dungeon)

   It affects your strength (+3).
   It affects your intelligence (+3).
Jewellery
 n - a ring of stealth (right hand)
 p - an amulet of clarity (around neck)
 q - a ring of sustain abilities (left hand)
 y - an uncursed ring of wizardry
Magical devices
 k - a wand of paralysis (16)
 l - a wand of lightning (2)
Scrolls
 f - a scroll of enchant weapon
 g - 2 scrolls of teleportation
 h - 6 scrolls of remove curse
 j - a scroll of amnesia
 s - 3 scrolls of fear
 x - 2 scrolls of recharging
Potions
 e - a potion of might
 m - 2 potions of resistance
 u - a potion of flight
 E - 2 potions of curing {unknown}
Comestibles
 d - 5 bread rations
 i - 6 meat rations
 r - a slice of pizza
 v - 4 fruits
 B - a beef jerky


   Skills:
 + Level 9.1 Fighting
 + Level 9.2 Long Blades
 + Level 9.3 Armour
 + Level 9.6 Shields
 + Level 5.7 Invocations


You had 9 spell levels left.
You didn't know any spells.

Dungeon Overview and Level Annotations

Branches:
Dungeon (7/15)             Temple (1/1) D:5

Altars:
Ashenzari
Cheibriados
Dithmenos
Elyvilon
Fedhas
Gozag
Kikubaaqudgha
Makhleb
Nemelex Xobeh
Okawaru
Qazlal
Ru
Sif Muna
Trog
Vehumet
Xom
Yredelemnul
Zin
The Shining One

Annotations:
D:7 Joseph; Somebody's ghost, experienced NaTm


Innate Abilities, Weirdness & Mutations

You reflexively headbutt those who attack you in melee.
You have a pair of horns on your head.
You are frail (-10% HP).


Message History

The raiju is lightly wounded.
The raiju bursts into living lightning!
The living lightning hits the raiju.
The raiju completely resists.
The living lightning hits you!
The raiju blinks!
You block the raiju's attack.
You slash the raiju!
The raiju is heavily wounded.
The raiju bursts into living lightning!
The living lightning hits you!
* * * LOW HITPOINT WARNING * * *
The living lightning hits the raiju.
The raiju completely resists.
The raiju blinks!
An orange demon comes into view.
The orange demon screeches!
You slash the raiju! Your headbutt misses the raiju.
The raiju is moderately wounded.
The raiju bursts into living lightning!
The living lightning hits you!
* * * LOW HITPOINT WARNING * * *
The living lightning hits you!
You die...

##≈# # # ≈.## ## #
. ..≈≈≈#..# . #
#≈≈.≈#..... .#
#.≈≈.##. . . ≈
#.h.#. .4.
≈≈≈≈≈≈#..#####...#
≈. #...h#...#
≈#.#..#@..####
≈≈....##.#.#. .
#≈#.##.#. ## #. .
# #.. # . . ...
##. ≈##§## .. . ..
. .


You could see an orange demon and 2 raiju.

Vanquished Creatures
  A very ugly thing (Abyss:1)
  The ghost of Radiman the Geomancer, an experienced GrEE of Vehumet (D:6)
  A manticore (D:7)
  2 ancient zymes (Abyss:1)
  A wraith (D:6)
  A neqoxec (Abyss:1)
  2 small abominations (Abyss:1)
  3 orc warriors
  An ice beast (D:5)
  A sky beast (D:5)
  7 ogres
  A phantom (D:4)
  A centaur (D:5)
  2 giant frogs (D:6)
  2 scorpions
  A giant frog zombie (D:5)
  A goliath beetle (D:7)
  A centaur zombie (D:5)
  3 crimson imps (D:5)
  3 jellies
  6 orc priests
  An iguana (D:6)
  2 hounds
  6 orc wizards
  A giant frog skeleton (D:5)
  An iron imp (Abyss:1)
  Natasha (twice) (D:4)
  4 worker ants
  4 gnolls (D:7)
  A worker ant zombie (D:5)
  7 adders
  A shadow imp (D:6)
  3 worms
  An adder zombie (D:5)
  2 oozes
  21 orcs
  3 ball pythons
  10 bats
  6 giant cockroaches
  10 goblins
  16 hobgoblins
  5 jackals
  10 kobolds
  A quokka (D:6)
  2 giant geckos
  A giant newt (D:6)
  2 giant spores (D:6)
  A jackal skeleton (D:5)
  12 rats
  5 ballistomycetes (D:6)
183 creatures vanquished.

Vanquished Creatures (others)
  A rat (D:7)
  5 starspawn tentacles (Abyss:1)
6 creatures vanquished.

Grand Total: 189 creatures vanquished

Notes
Turn   | Place    | Note
--------------------------------------------------------------
     0 | D:1      | Fluffy, the Minotaur Fighter, began the quest for the Orb.
     0 | D:1      | Reached XP level 1. HP: 19/19 MP: 0/0
   102 | D:1      | Reached XP level 2. HP: 27/27 MP: 1/1
   295 | D:1      | Reached skill level 4 in Armour
   665 | D:2      | Reached XP level 3. HP: 29/33 MP: 2/2
  1391 | D:3      | Reached XP level 4. HP: 26/40 MP: 3/3
  2196 | D:4      | Noticed a phantom
  2217 | D:4      | Killed a phantom
  2217 | D:4      | Reached skill level 5 in Shields
  2217 | D:4      | Reached XP level 5. HP: 34/47 MP: 4/4
  2314 | D:4      | Noticed Natasha
  2318 | D:4      | Killed Natasha
  2338 | D:4      | Reached skill level 5 in Armour
  2347 | D:4      | Got a dazzling plate armour
  2358 | D:4      | Identified the +8 plate armour of the Monkey {Str+3 Int+3} (You found it on level 4 of the Dungeon)
  2397 | D:4      | Reached XP level 6. HP: 53/55 MP: 5/5
  2598 | D:4      | Noticed an ogre
  2602 | D:4      | Killed an ogre
  2602 | D:4      | Reached skill level 5 in Fighting
  2629 | D:4      | Noticed an ogre
  2636 | D:4      | Killed an ogre
  2636 | D:4      | Reached skill level 5 in Long Blades
  2808 | D:4      | Noticed Natasha
  2811 | D:4      | Killed Natasha
  2935 | D:5      | Entered Level 5 of the Dungeon
  2935 | D:5      | Found a staircase to the Ecumenical Temple.
  2947 | D:4      | Reached XP level 7. HP: 35/61 MP: 6/6
  2951 | D:4      | Reached skill level 6 in Shields
  3202 | Temple   | Entered the Ecumenical Temple
  3294 | Temple   | Became a worshipper of the Shining One
  3492 | D:5      | Reached skill level 1 in Invocations
  3612 | D:5      | Acquired the Shining One's first power
  3616 | D:5      | Reached XP level 8. HP: 70/70 MP: 8/8
  3719 | D:5      | Reached skill level 7 in Shields
  3899 | D:5      | Found a white marble altar of Elyvilon.
  4385 | D:6      | Noticed Radiman's ghost (experienced GrEE)
  4477 | D:6      | Reached XP level 9. HP: 73/79 MP: 10/10
  4719 | D:6      | Reached skill level 8 in Shields
  4837 | D:6      | Killed Radiman's ghost
  5119 | D:7      | Noticed Joseph
  5667 | D:7      | Noticed a manticore
  5677 | D:7      | Killed a manticore
  5760 | D:7      | Found a burning altar of Makhleb.
  5775 | D:7      | Reached skill level 9 in Shields
  5804 | D:7      | Reached skill level 5 in Invocations
  5897 | D:7      | Noticed Somebody's ghost (experienced NaTm)
  5897 | D:7      | Acquired the Shining One's second power
  5901 | D:7      | Cast into the Abyss (Joseph)
  5901 | Abyss:1  | Found a corrupted altar of Lugonu.
  5946 | Abyss:1  | Reached XP level 10. HP: 76/90 MP: 12/12
  5968 | Abyss:1  | Noticed a green very ugly thing
  5973 | Abyss:1  | Noticed a bone dragon
  5994 | Abyss:1  | Got a transparent scale mail
  6021 | Abyss:1  | Killed a green very ugly thing
  6026 | Abyss:1  | HP: 3/91 [poisoned by a green very ugly thing]
  6047 | Abyss:1  | Noticed a tentacled starspawn
  6056 | Abyss:1  | Noticed a starcursed mass
  6059 | Abyss:1  | Found a corrupted altar of Lugonu.
  6119 | Abyss:1  | Gained mutation: You are frail (-10% HP). [a neqoxec]
  6211 | Abyss:1  | Killed from afar by a raiju

Action                   |  1- 3 |  4- 6 |  7- 9 | 10-12 || total
-------------------------+-------+-------+-------+-------++-------
Melee: Long sword        |    90 |   140 |    85 |       ||   315
       Falchion          |       |       |   285 |    40 ||   325
Evoke: Wand              |       |       |     6 |       ||     6
  Use: Scroll            |       |       |    17 |     1 ||    18
       Potion            |       |       |       |     2 ||     2
  Eat: Chunk             |     1 |     5 |    11 |       ||    17
